AoeStats
← Tavik

Arabia

509840988Analyzed
1v1 RM · 3d ago on Sep 28, 2026· 31m 51s· 2 players
Game mode
Random Map
Map size
Tiny (2 player)
Population
200
Speed
Normal
Resources
Standard
Victory
Conquest
Starting age
Dark Age
Ending age
Imperial Age
RankedLock teamsTeams togetherTeam positionsShared explorationLock speedFull tech treeHidden civsTurbo modeCheats
Victory
Defeat
🇬🇪 Koreans · Georgia
1462
+13
🇨🇿 Franks · Czechia
1402
-13
Tavik
6:56 Loom
9:25 Feudal Age
10:25 Double-Bit Axe
11:55 Fletching
17:50 Wheelbarrow
23:11 Castle Age
21:50 Scale Barding Armor
21:56 Forging
24:15 Chain Barding Armor
23:58 Husbandry
jempajempa
5:57 Loom
8:49 Feudal Age
9:23 Double-Bit Axe
14:09 Fletching
16:44 Wheelbarrow
20:45 Castle Age
19:13 Scale Mail Armor
19:23 Forging
19:08 Horse Collar
21:47 Bow Saw
21:29 Stone Mining
21:28 Town Watch
22:38 Chain Mail Armor
24:23 Squires
Connection lost

Rejoining the realm…

Still unreachable

The connection could not be restored.

Session expired

The server has moved on; the page needs a fresh start.